 Dungeon Crawl Stone Soup version 0.29.0-4-gdea44cf6ec (webtiles) character file.

Game seed: 16240675338024783680

414 qw the Ruffian (level 6, -5/59 HPs)
             Began as a Troll Cinder Acolyte on Aug 31, 2022.
             Was a High Priest of Ignis.
             Succumbed to a hornet's poison
             ... on level 4 of the Dungeon.
             The game lasted 00:02:07 (2971 turns).

qw the Ruffian (Troll Cinder Acolyte)               Turns: 2971, Time: 00:02:07

Health: -5/59      AC: 13    Str: 25    XL:     6   Next: 60%
Magic:  6/6        EV:  9    Int: 10    God:    Ignis [*****.]
Gold:   85         SH:  0    Dex:  5    Spells: 7/7 levels left

rFire   + . .      SeeInvis .     - Unarmed
rCold   . . .      Faith    .   (no shield)
rNeg    . . .      Spirit   .   b - +2 robe {Will+}
rPois   .          Reflect  .   (helmet restricted)
rElec   .          Harm     .   (no cloak)
rCorr   .          Rampage  .   (gloves unavailable)
Will    +....                   (boots unavailable)
Stlth   +.........              (no amulet)
HPRegen 0.99/turn               (no ring)
MPRegen 0.10/turn               (no ring)

@: lethally poisoned (-5 -> -21), fiery-armoured, slowed, very slow
A: large, unfitting armour, claws 3, regeneration 1, shaggy fur 1, tough skin 1
a: Renounce Religion, Fiery Armour, Foxfire Swarm, Rising Flame


You were on level 4 of the Dungeon.
You worshipped Ignis.
Ignis was extremely pleased with you.
You visited 1 branch of the dungeon, and saw 4 of its levels.

You collected 85 gold pieces.


Innate Abilities, Weirdness & Mutations

You are too large for most types of armour.
You have claws for hands.
Your natural rate of healing is unusually fast.
You are covered in fur. (AC +1)
You have tough skin. (AC +1)


   Skills:
 - Level 2.4 Fighting
 + Level 7.5 Unarmed Combat
 - Level 1.0 Spellcasting
 - Level 2.1 Fire Magic


You had 7 spell levels left.
You didn't know any spells.
Your spell library contained the following spells:

 Spells                   Type           Power      Damage    Failure   Level
 Scorch                   Fire           8%         2d5       22%         2

Inventory:

Armour
 b - a +2 robe of willpower (worn)
Jewellery
 c - a ring of fire
Scrolls
 a - a scroll of noise {unknown}
 e - 2 scrolls of identify
Potions
 j - a potion of haste

Dungeon Overview and Level Annotations

Branches:
Dungeon (4/15)
 Temple: D:4-7

Altars:
Ashenzari
Makhleb
Vehumet

Shops:
D:2 ?


Message History

The hornet stings you!
You feel as though you will be slow longer.
You feel sick. The hornet stings you.
You are more poisoned.
You feel as though you will be slow longer.
You can move again.
You barely miss the hornet.
You feel very sick. The hornet stings you!
You feel as though you will be slow longer.
The hornet stings you.
You are more poisoned.
You shrug off the repeated paralysis!
The hornet stings you.
You feel as though you will be slow longer.
2968 ||| INVOKING Fiery Armour.
A protective cloak of flame settles atop you.
You feel extremely sick. The hornet stings you.
You are more poisoned.
You feel as though you will be slow longer.
The hornet barely misses you.
2969 ||| DRINKING potion of heal wounds.
You feel much better.
You feel extremely sick.
The hornet stings you but does no damage.
The hornet stings you!
You are lethally poisoned!
You feel as though you will be slow longer.
The hornet is burned by your cloak of flames.
The hornet is lightly wounded.
You scratch the hornet.
The hornet is moderately wounded.
You feel extremely sick. The hornet barely misses you. The hornet stings you.
You feel as though you will be slow longer.
The hornet is burned by your cloak of flames.
The hornet is moderately wounded.
You closely miss the hornet.
The hornet is moderately wounded.
You die...

#...#%..#.#
#...#%#<#.#
##.##)###.#
#.......#.#
#..##.#.#.#
#..#..#.#.#
#..#....#.#
##############.#
......y@.......#
.#############.#
###


You could see a hornet.

Vanquished Creatures
  Eustachio (D:4)
  A crimson imp (D:3)
  2 iguanas (D:4)
  Jessica (D:2)
  Robin (D:4)
  3 adders
  2 dart slugs
  8 orcs
  8 endoplasms
  A giant cockroach (D:2)
  15 goblins
  12 hobgoblins
  4 jackals (D:4)
  7 quokkas
  11 ball pythons
  5 bats (D:1)
  3 frilled lizards
  15 kobolds
  10 rats
110 creatures vanquished.

Notes
Turn   | Place    | Note
-------+----------+-------------------------------------------
     0 | D:1      | qw the Troll Cinder Acolyte began the quest for the Orb.
     0 | D:1      | Reached XP level 1. HP: 22/22 MP: 1/1
     0 | D:1      | 0 ||| qw: Version: 0.1-a-97-g2dd2ca4
     0 | D:1      | 0 ||| qw: Game counter: 4575
     0 | D:1      | 0 ||| qw: Always use a shield: true
     0 | D:1      | 0 ||| qw: God list: Okawaru
     0 | D:1      | 0 ||| qw: Allow faded altars: false
     0 | D:1      | 0 ||| qw: Do Orc after D:15 true
     0 | D:1      | 0 ||| qw: Do second Lair branch before Depths: true
     0 | D:1      | 0 ||| qw: Lair rune preference: random
     0 | D:1      | 0 ||| qw: Plans: Normal
     0 | D:1      | 0 ||| PLANNING D:1-11
    66 | D:1      | Found a faded altar of an unknown god.
   136 | D:1      | 136 ||| Stepping ~*~*~tactically~*~*~ (hiding).
   142 | D:1      | Reached XP level 2. HP: 29/29 MP: 2/2
   142 | D:1      | 142 ||| Stepping ~*~*~tactically~*~*~ (stealth).
   145 | D:1      | 145 ||| Stepping ~*~*~tactically~*~*~ (stealth).
   146 | D:1      | 146 ||| Stepping ~*~*~tactically~*~*~ (stealth).
   147 | D:1      | 147 ||| Stepping ~*~*~tactically~*~*~ (stealth).
   153 | D:1      | 153 ||| Stepping ~*~*~tactically~*~*~ (stealth).
   159 | D:1      | 159 ||| Stepping ~*~*~tactically~*~*~ (stealth).
   231 | D:1      | 231 ||| Stepping ~*~*~tactically~*~*~ (stealth).
   238 | D:1      | 238 ||| Stepping ~*~*~tactically~*~*~ (stealth).
   286 | D:1      | Reached skill level 4 in Unarmed Combat
   510 | D:1      | Reached XP level 3. HP: 36/36 MP: 3/3
   601 | D:1      | 601 ||| READING 3 scrolls labelled JUGERE VAGYOKK.
   602 | D:1      | 602 ||| READING 2 scrolls labelled QOUDUZAVVON.
   606 | D:1      | 606 ||| READING scroll labelled LUFRUD OTYJ.
   607 | D:1      | 607 ||| READING scroll labelled ONIKYI ALUC.
   608 | D:1      | 608 ||| READING scroll labelled REROC ZIREOMP.
   609 | D:1      | 609 ||| READING 2 scrolls of identify.
   609 | D:1      | 609 ||| IDENTIFYING blue potion
   610 | D:1      | 610 ||| DROPPING potion of flight.
   621 | D:2      | Noticed Jessica
   622 | D:2      | 622 ||| Stepping ~*~*~tactically~*~*~ (hiding).
   630 | D:2      | Killed Jessica
   640 | D:2      | 640 ||| Stepping ~*~*~tactically~*~*~ (stealth).
   656 | D:2      | 656 ||| Stepping ~*~*~tactically~*~*~ (stealth).
   754 | D:2      | 754 ||| Stepping ~*~*~tactically~*~*~ (stealth).
   912 | D:2      | Reached XP level 4. HP: 44/44 MP: 4/4
   924 | D:2      | 924 ||| Stepping ~*~*~tactically~*~*~ (stealth).
   929 | D:2      | Reached skill level 5 in Unarmed Combat
   958 | D:2      | 958 ||| Stepping ~*~*~tactically~*~*~ (stealth).
  1003 | D:2      | Found Xoloom's Magic Scroll Shop.
  1009 | D:2      | 1009 ||| SHOPLISTING 2 scrolls of identify (40 gold, have
                  | 27).
  1009 | D:2      | 1009 ||| SHOPLISTING scroll of enchant weapon (75 gold,
                  | have 27).
  1009 | D:2      | 1009 ||| SHOPLISTING scroll of teleportation (30 gold, have
                  | 27).
  1143 | D:2      | 1143 ||| Stepping ~*~*~tactically~*~*~ (stealth).
  1144 | D:2      | 1144 ||| Stepping ~*~*~tactically~*~*~ (stealth).
  1342 | D:2      | 1342 ||| Stepping ~*~*~tactically~*~*~ (stealth).
  1362 | D:2      | 1362 ||| READING scroll labelled WAXKYZX DUOFUR.
  1363 | D:2      | 1363 ||| DRINKING 2 bubbling sapphire potions.
  1394 | D:2      | 1394 ||| DRINKING 2 cyan potions.
  1395 | D:2      | 1395 ||| READING 2 scrolls of identify.
  1395 | D:2      | 1395 ||| IDENTIFYING viscous puce potion
  1396 | D:2      | 1396 ||| DROPPING potion of lignification.
  1397 | D:2      | 1397 ||| DROPPING potion of brilliance.
  1398 | D:2      | 1398 ||| DROPPING potion of degeneration.
  1472 | D:3      | 1472 ||| Stepping ~*~*~tactically~*~*~ (stealth).
  1480 | D:3      | 1480 ||| Stepping ~*~*~tactically~*~*~ (outnumbered).
  1481 | D:3      | 1481 ||| Stepping ~*~*~tactically~*~*~ (outnumbered).
  1583 | D:3      | 1583 ||| Stepping ~*~*~tactically~*~*~ (stealth).
  1760 | D:3      | Found a burning altar of Makhleb.
  1761 | D:3      | Found a radiant altar of Vehumet.
  1768 | D:3      | 1768 ||| Stepping ~*~*~tactically~*~*~ (hiding).
  1769 | D:3      | 1769 ||| Stepping ~*~*~tactically~*~*~ (hiding).
  1783 | D:3      | 1783 ||| Stepping ~*~*~tactically~*~*~ (hiding).
  1788 | D:3      | Reached XP level 5. HP: 50/50 MP: 5/5
  1928 | D:3      | Reached skill level 6 in Unarmed Combat
  2060 | D:3      | 2060 ||| UPGRADING to +2 robe of willpower.
  2070 | D:3      | 2070 ||| DROPPING +0 robe.
  2071 | D:3      | 2071 ||| DRINKING 2 fuming black potions.
  2072 | D:3      | 2072 ||| READING 4 scrolls of identify.
  2072 | D:3      | 2072 ||| IDENTIFYING glowing dark potion
  2073 | D:3      | 2073 ||| READING 3 scrolls of identify.
  2073 | D:3      | 2073 ||| IDENTIFYING smoky purple potion
  2074 | D:3      | 2074 ||| DROPPING potion of magic.
  2121 | D:3      | 2121 ||| READING scroll of teleportation.
  2122 | D:3      | 2122 ||| STAIRDANCE
  2255 | D:4      | 2255 ||| Stepping ~*~*~tactically~*~*~ (stealth).
  2438 | D:4      | Noticed Robin
  2445 | D:4      | Killed Robin
  2529 | D:4      | Found a broken altar of Ashenzari.
  2531 | D:4      | Noticed Eustachio
  2545 | D:4      | Killed Eustachio
  2546 | D:4      | Reached skill level 7 in Unarmed Combat
  2546 | D:4      | Reached XP level 6. HP: 34/59 MP: 6/6
  2578 | D:4      | 2578 ||| Stepping ~*~*~tactically~*~*~ (stealth).
  2955 | D:4      | Noticed a hornet
  2965 | D:4      | Paralysed by a hornet for 2 turns
  2968 | D:4      | 2968 ||| INVOKING Fiery Armour.
  2968 | D:4      | HP: 10/59 [poisoned by a hornet]
  2969 | D:4      | 2969 ||| DRINKING potion of heal wounds.
  2970 | D:4      | HP: 2/59 [hornet (6)]
  2971 | D:4      | Succumbed to a hornet's poison

Levels and vault maps discovered:
D:1:      ncdulo_halloftheorcs, layout_basic, shapermc_ecumenical_altar_venn
D:2:      layout_loops_ring, serial_shops, shop, minmay_between, uniq_jessica
D:3:      minmay_bubble_buster, layout_loops_corners,
          grunt_temple_overflow_lords_of_destruction
D:4:      layout_basic, nicolae_overflow_crystal_walls,
          kennysheep_generic_room_10, uniq_robin, uniq_crazy_yiuf_cottage,
          uniq_eustachio

Skill      XL: |  1  2  3  4  5 |
---------------+----------------+-----
Unarmed Combat | 4 5 7 |  7.5
Fighting       | |  2.4
Spellcasting   | |  1.0
Fire Magic     | |  2.1

Action                   |  1- 3 |  4- 6 || total
-------------------------+-------+-------++-------
Melee: Unarmed           |    98 |   187 ||   285
       Punch             |       |     2 ||     2
Invok: Fiery Armour      |       |     1 ||     1
  Use: Scroll            |     6 |     5 ||    11
       Potion            |       |     4 ||     4
Armor: Robe              |    24 |    41 ||    65
Dodge: Dodged            |    36 |    58 ||    94

Table legend:
 A = Non-vault XP
 B = Vault XP
 C = Vault XP percentage of total XP
 D = Non-vault monster count
 E = Vault monster count
 F = Vault count percentage of total count
                 A         B        C        D         E       F
            +---------+---------+-------+---------+---------+-------
      Total |     169 |     423 |  71.5 |      75 |      35 |  31.8
            +---------+---------+-------+---------+---------+-------
        D:1 |      45 |       0 |   0.0 |      30 |       0 |   0.0
        D:2 |      37 |      69 |  65.1 |      22 |       5 |  18.5
        D:3 |      15 |      70 |  82.4 |       8 |      16 |  66.7
        D:4 |      72 |     284 |  79.8 |      15 |      14 |  48.3
            +---------+---------+-------+---------+---------+-------
